 Dungeon Crawl Stone Soup version 0.28.0-45-g0d030f2227 (webtiles) character file.

Game seed: 2367253441819787160

5818 Gabide the Thaumaturge (level 10, -4/74 HPs)
             Began as a Mummy Necromancer on Apr 11, 2022.
             Was an Initiate of Sif Muna.
             Slain by a shadow (19 damage)
             ... on level 9 of the Dungeon.
             The game lasted 00:23:19 (14789 turns).

Gabide the Thaumaturge (Mummy Necromancer)         Turns: 14789, Time: 00:23:20

Health: -4/74      AC:  5    Str: 12    XL:     10   Next: 51%
Magic:  18/26      EV: 17    Int: 19    God:    Sif Muna [......]
Gold:   670        SH:  5    Dex: 12    Spells: 20/33 levels left

rFire   + . .      SeeInvis .   k - +2 dire flail (protect)
rCold   + . .      Faith    .   (shield currently unavailable)
rNeg    + + +      Spirit   .   h - +0 leather armour {rF+}
rPois   ∞          Reflect  +   g - +0 helmet
rElec   .          Harm     .   (no cloak)
rCorr   .          Rampage  .   f - +0 pair of gloves
Will    +....                   (no boots)
Stlth   ++........              q - amulet of reflection
HPRegen 0.22/turn               d - +4 ring of evasion
MPRegen 0.20/turn               m - ring of protection from fire

@: no status effects
A: cold resistance 1, negative energy resistance 3, torment resistance 2, heat
vulnerability 1, no potions
a: Renounce Religion


You were on level 9 of the Dungeon.
You worshipped Sif Muna.
Sif Muna was noncommittal.
You visited 2 branches of the dungeon, and saw 11 of its levels.

You collected 670 gold pieces.

Inventory:

Hand Weapons
 i - a +1 dagger of venom
 k - a +2 dire flail of protection (weapon)
 l - a +3 whip of pain
 n - a +1 vorpal dire flail
Armour
 f - a +0 pair of gloves (worn)
 g - a +0 helmet (worn)
 h - a +0 leather armour of fire resistance (worn)
 s - +0 steam dragon scales
Magical Staves
 p - a staff of death
Jewellery
 d - a +4 ring of evasion (left hand)
 m - a ring of protection from fire (right hand)
 q - an amulet of reflection (around neck)
 v - a ring of protection from cold
Wands
 j - a wand of flame (63)
Scrolls
 a - a scroll of blinking
 b - 3 scrolls of teleportation
 c - 3 scrolls of fear
 e - a scroll of noise
 o - a scroll of brand weapon
 r - 2 scrolls of amnesia
 t - 2 scrolls of torment
 u - a scroll of enchant weapon


   Skills:
 * Level 5.2 Fighting
 - Level 0.1 Short Blades
 - Level 1.0(1.1) Maces & Flails
 - Level 0.6(1.0) Staves
 - Level 2.0 Armour
 * Level 4.9 Dodging
 + Level 2.0 Stealth
 * Level 12.1 Spellcasting
 * Level 9.7 Necromancy


You had 20 spell levels left.
You knew the following spells:

 Your Spells              Type           Power      Damage    Failure   Level
a - Pain                  Necr           100%       1d9       1%          1
b - Vampiric Draining     Necr           48%        2d9       1%          3
c - Animate Dead          Necr           24%        N/A       1%          4
d - Agony                 Necr           48%        N/A       3%          5

Your spell library contained the following spells:

 Spells                   Type           Power      Damage    Failure   Level
 Animate Skeleton         Necr           96%        N/A       1%          1
 Call Canine Familiar     Summ           11%        N/A       22%         3
 Confusing Touch          Hex            11%        N/A       22%         3
 Conjure Flame            Conj/Fire      11%        6-21      22%         3
 Ignite Poison            Fire/Tmut/Pois 11%        N/A       22%         3
 Portal Projectile        Hex/Tloc       22%        N/A       22%         3
 Leda's Liquefaction      Hex/Erth       5%         N/A       58%         4
 Sticky Flame             Conj/Fire      11%        2d3       58%         4
 Yara's Violent Unravell  Hex/Tmut       5%         3d4       91%         5
 Enfeeble                 Hex            5%         N/A       100%        7


Dungeon Overview and Level Annotations

Branches:
Dungeon (10/15)            Temple (1/1) D:7
   Lair: D:8-11         Orc: D:9-12

Altars:
Ashenzari
Cheibriados
Dithmenos
Elyvilon
Fedhas
Gozag
Kikubaaqudgha
Makhleb
Nemelex Xobeh
Okawaru
Qazlal
Ru
Sif Muna
Trog
Uskayaw
Vehumet
Wu Jian
Xom
Zin
The Shining One

Shops:
D:8 :

Annotations:
D:5 1 runed translucent door, Ablot's ghost, novice GnWr


Innate Abilities, Weirdness & Mutations

You are immune to poison.
Your flesh is cold resistant. (rC+)
You are immune to negative energy. (rN+++)
You are immune to unholy pain and torment.
You are vulnerable to heat. (rF-)
You do not drink.


Message History

The shadow slips into darkness.
The shadow flickers and vanishes!
Deactivating autopickup; reactivate with Ctrl-A.
The shadow strikes at you from the darkness!
Reactivating autopickup.
You hit the shadow.
The shadow is severely damaged.
The shadow barely misses you.
You closely miss the shadow.
The shadow is severely damaged.
The shadow misses you.
You hit the shadow.
The shadow is almost destroyed.
The shadow slips into darkness.
The shadow flickers and vanishes!
Deactivating autopickup; reactivate with Ctrl-A.
You closely miss something.
The shadow strikes at you from the darkness!
* * * LOW HITPOINT WARNING * * *
Reactivating autopickup.
The shadow hits you.
You barely miss the shadow.
The shadow is almost destroyed.
The shadow slips into darkness.
The shadow flickers and vanishes!
Deactivating autopickup; reactivate with Ctrl-A.
Okay, then.
Unknown command.
You miss something.
The shadow strikes at you from the darkness!
* * * LOW HITPOINT WARNING * * *
Reactivating autopickup.
You barely miss the shadow.
The shadow is almost destroyed.
The shadow slips into darkness.
The shadow flickers and vanishes!
Deactivating autopickup; reactivate with Ctrl-A.
You barely miss something.
The shadow strikes at you from the darkness!
You die...

.......###)...............##
.....#.###...........#.#...##
###.##.....#(#.......###....#
.#..#...##.#.###............#
...)...##...................#
.......................##...#
.......................###..#
.................{#.#### #.##
#...............@##.# ###
#................†#.##
###.....#............###
###..###......##.....#
##.##......####...##
####............###
#..##..........##
##.###.....##...###
####...#...#.....#


There were no monsters in sight!

Vanquished Creatures
  A two-headed ogre (D:9)
  A kobold demonologist (D:9)
  6 yaks (D:9)
  Sigmund (D:3)
  A wraith (D:7)
  Eustachio (D:5)
  A steam dragon (D:8)
  Edmund (D:5)
  3 water moccasins
  2 orc warriors (D:7)
  A sky beast (D:8)
  A black bear (D:5)
  An ice beast (D:5)
  A necrophage (D:7)
  2 wolves (D:9)
  An ogre (D:6)
  5 centaurs
  2 kobold brigands
  5 bullfrogs
  2 wyvern zombies
  3 scorpions (D:6)
  10 killer bees
  A water moccasin skeleton (D:5)
  2 howler monkeys (D:9)
  2 jellies (D:6)
  A centaur zombie (D:7)
  4 hounds
  A bullfrog skeleton (D:5)
  A gnoll shaman (D:9)
  A centaur skeleton (D:5)
  4 iguanas
  2 orc wizards
  4 gnolls (D:9)
  6 adders
  2 white imps
  An ufetubus (D:5)
  A worm (D:4)
  A dart slug (D:4)
  8 orcs
  9 bats
  4 endoplasms
  2 giant cockroaches
  11 goblins
  8 hobgoblins
  3 jackals (D:4)
  4 quokkas
  6 ball pythons
  2 frilled lizards
  11 kobolds
  8 rats
162 creatures vanquished.

Vanquished Creatures (others)
  23 plants (D:5)
23 creatures vanquished.

Grand Total: 185 creatures vanquished

Notes
Turn   | Place    | Note
-------+----------+-------------------------------------------
     0 | D:1      | Gabide the Mummy Necromancer began the quest for the Orb.
     0 | D:1      | Reached XP level 1. HP: 13/13 MP: 4/4
   483 | D:1      | Reached XP level 2. HP: 19/19 MP: 2/5
  1011 | D:1      | Reached skill level 3 in Spellcasting
  1611 | D:2      | Reached XP level 3. HP: 25/25 MP: 5/7
  1671 | D:2      | Found a faded altar of an unknown god.
  1778 | D:2      | Learned a level 3 spell: Vampiric Draining
  2471 | D:2      | Found a burning altar of Makhleb.
  2480 | D:2      | Reached skill level 4 in Spellcasting
  2480 | D:2      | Reached XP level 4. HP: 30/31 MP: 3/10
  2732 | D:3      | Learned a level 4 spell: Animate Dead
  2816 | D:3      | Noticed Sigmund
  2838 | D:3      | Killed Sigmund
  2839 | D:3      | Reached skill level 1 in Fighting
  2839 | D:3      | Reached skill level 5 in Spellcasting
  2839 | D:3      | Reached skill level 5 in Necromancy
  2839 | D:3      | Reached XP level 5. HP: 14/37 MP: 5/12
  3613 | D:3      | Learned a level 5 spell: Agony
  3829 | D:4      | Reached XP level 6. HP: 43/43 MP: 6/14
  4683 | D:4      | Reached skill level 6 in Spellcasting
  5068 | D:5      | Entered Level 5 of the Dungeon
  5979 | D:5      | Noticed an ice beast
  5985 | D:5      | Killed an ice beast
  5986 | D:5      | Reached XP level 7. HP: 43/50 MP: 6/16
  6440 | D:5      | Noticed Eustachio
  6451 | D:5      | Killed Eustachio
  6452 | D:5      | Reached skill level 1 in Maces & Flails
  6750 | D:5      | Noticed Edmund
  6759 | D:5      | Killed Edmund
  6760 | D:5      | Reached skill level 7 in Spellcasting
  7027 | D:5      | Reached XP level 8. HP: 57/57 MP: 2/19
  7176 | D:5      | Found a runed translucent door.
  7185 | D:5      | Noticed Ablot's ghost (novice GnWr)
  7455 | D:6      | Found a broken altar of Ashenzari.
  7653 | D:6      | Reached skill level 8 in Spellcasting
  8112 | D:6      | Reached skill level 1 in Armour
  8340 | D:6      | Reached skill level 9 in Spellcasting
  9053 | D:7      | Reached XP level 9. HP: 65/65 MP: 12/22
 10251 | D:7      | Identified the +0 chain mail of a wizard's laboratory {rC-
                  | Int+5 Dex+4}
 10302 | D:7      | Found a staircase to the Ecumenical Temple.
 10335 | Temple   | Entered the Ecumenical Temple
 10401 | Temple   | Became a worshipper of Sif Muna the Loreminder
 11383 | D:8      | Reached skill level 10 in Spellcasting
 12011 | D:8      | Found Tebuk's Book Boutique.
 12135 | D:8      | Found a sacrificial altar of Ru.
 12166 | D:8      | Found a shimmering altar of Xom.
 12518 | D:9      | Noticed a kobold demonologist
 12713 | D:9      | Killed a kobold demonologist
 12836 | D:9      | Reached skill level 11 in Spellcasting
 13098 | D:9      | Noticed a two-headed ogre
 13107 | D:9      | Killed a two-headed ogre
 13108 | D:9      | Reached XP level 10. HP: 73/73 MP: 11/25
 13299 | D:9      | Reached skill level 5 in Fighting
 13575 | D:10     | Entered Level 10 of the Dungeon
 14180 | D:9      | Reached skill level 12 in Spellcasting
 14789 | D:9      | Slain by a shadow

Illustrated notes

Levels and vault maps discovered:
D:1:      scummos_arrival_simple_crosswalls, layout_basic
D:2:      layout_loops_corners, hellmonk_ecumenical_altar_blasted, basic_altar
D:3:      layout_loops_ring, uniq_sigmund
D:4:      layout_cave_pods
D:5:      layout_cave_pools, serial_bayou, serial_bayou_lagoon_a,
          serial_bayou_shore_a, serial_bayou_pond_c, serial_bayou_lake_a,
          ebering_ghost_reflecting_pool, corexii_leaking_fountain,
          uniq_eustachio, uniq_edmund
D:6:      layout_loops_cross, ashenzari_altar_1
D:7:      layout_loops_ring, minmay_temple_entry_mini_moons
D:8:      layout_loops_corners, mainiacjoe_overflow_two_lobes, serial_shops,
          nicolae_shop_advertising_works [nicolae_subvault_shop_adworks]
D:9:      layout_cave_pools
D:10:     layout_rooms, lemuel_round_altar, gammafunk_temple_overflow_elements,
          orc_0_dummy, enter_bailey_7, uniq_grum
Temple:   nicolae_temple_x_marks_the_god

Skill      XL: |  1  2  3  4  5  6  7  8  9 10 |
---------------+-------------------------------+-----
Spellcasting   | 3 4 5 6 7 9 11 12 | 12.1
Fighting       | 1 2 3 4 5 |  5.2
Dodging        | 2 3 4 |  4.9
Necromancy     | 5 6 7 9 |  9.7
Maces & Flails | 1 |  1.0
Armour         | 1 2 |  2.0
Stealth        | 2 |  2.0
Short Blades   | |  0.1
Staves         | |  0.6

Action                   |  1- 3 |  4- 6 |  7- 9 | 10-12 || total
-------------------------+-------+-------+-------+-------++-------
Melee: Unarmed           |     6 |       |       |       ||     6
       Punch             |     1 |       |     1 |       ||     2
       Dagger            |       |     7 |       |       ||     7
       Whip              |       |    34 |    31 |    17 ||    82
       Staff             |       |       |    72 |     1 ||    73
       Dire flail        |       |       |    34 |    13 ||    47
 Cast: Pain              |    82 |    76 |   117 |    12 ||   287
       Vampiric Draining |       |     9 |    73 |    34 ||   116
       Animate Dead      |       |       |     4 |       ||     4
       Agony             |       |       |     4 |       ||     4
  Use: Scroll            |       |     6 |     5 |     1 ||    12
 Stab: Distracted        |       |       |     1 |       ||     1
Armor: Robe              |     2 |     9 |       |       ||    11
       Leather armour    |       |       |    54 |    18 ||    72
Dodge: Dodged            |    20 |    73 |   230 |   128 ||   451
Block: Other             |       |       |    13 |    36 ||    49
       Reflection        |       |       |       |     3 ||     3
